AoeStats
← Zucca

Arena

509744686Analyzed
3v3 RM · 5d ago on Sep 27, 2026· 32m 45s· 6 players
Game mode
Random Map
Map size
Normal (6 player)
Population
200
Speed
Normal
Resources
Standard
Victory
Conquest
Starting age
Dark Age
Ending age
Imperial Age
RankedLock teamsTeams togetherTeam positionsShared explorationLock speedFull tech treeHidden civsTurbo modeCheats
Victory
Defeat
🇹🇷 Byzantines · Türkiye
773
+19
🇺🇸 Portuguese · United States
710
+21
🇨🇱 Khmer · Chile
710
+38
🇦🇷 Berbers · Argentina
887
-22
🇦🇷 Magyars · Argentina
850
-21
🇦🇷 Aztecs · Argentina
770
-18
Ignacioarmez
12:17 Feudal Age
13:51 Wheelbarrow
15:42 Double-Bit Axe
19:31 Castle Age
17:54 Horse Collar
21:44 Wheelbarrow
21:04 Light Cavalry
23:46 Bow Saw
23:36 Stone Mining
25:39 Husbandry
26:45 Stone Shaft Mining
31:41 Imperial Age
30:18 Scale Barding Armor
30:23 Forging
30:14 Scale Mail Armor
31:49 Hussar
33:21 Bloodlines
Burger King
14:32 Feudal Age
14:59 Horse Collar
15:13 Gold Mining
16:36 Double-Bit Axe
17:31 Wheelbarrow
22:05 Castle Age
20:44 Scale Mail Armor
21:03 Forging
21:00 Padded Archer Armor
20:53 Fletching
21:40 Arson
21:43 Man-at-Arms
22:15 Loom
22:42 Gambesons
22:21 Long Swordsman
23:23 Chain Mail Armor
24:02 Heavy Plow
24:25 Bow Saw
26:19 Iron Casting
28:39 Hand Cart
29:22 Stone Mining
29:41 Town Watch
32:38 Town Patrol
33:16 Stone Shaft Mining
TIMUR
9:55 Feudal Age
10:20 Double-Bit Axe
16:14 Castle Age
14:46 Stone Mining
15:28 Horse Collar
15:54 Gold Mining
18:04 Loom
21:27 Wheelbarrow
22:14 Scale Barding Armor
22:20 Forging
27:28 Fortified Wall
28:24 Fletching
32:23 Imperial Age
30:26 Chain Barding Armor
30:59 Iron Casting
Blackbird
0:28 Loom
16:22 Feudal Age
17:04 Horse Collar
17:15 Double-Bit Axe
23:56 Gold Mining
pedrantix
0:28 Loom
12:29 Feudal Age
16:44 Double-Bit Axe
21:52 Castle Age
22:58 Pikeman
23:39 Squires
26:49 Horse Collar
27:38 Elite Skirmisher
28:56 Wheelbarrow
29:37 Heavy Plow
29:50 Bow Saw
Zucca
0:26 Loom
12:41 Feudal Age
17:19 Castle Age
16:04 Double-Bit Axe
16:11 Horse Collar
16:47 Gold Mining
16:47 Stone Mining
16:47 Gold Mining
17:11 Stone Mining
18:52 Wheelbarrow
20:25 Hand Cart
23:20 Bow Saw
23:25 Heavy Plow
26:02 Fortified Wall
26:35 Gold Shaft Mining
26:38 Stone Shaft Mining
26:34 Fletching
30:37 Imperial Age
29:41 Pikeman
30:32 Arson
30:49 Squires
30:57 Husbandry
31:08 Bloodlines
31:23 Forging
31:19 Scale Barding Armor
31:16 Scale Mail Armor
31:17 Padded Archer Armor
31:48 Conscription
30:52 Heavy Camel Rider
31:57 Bodkin Arrow
Connection lost

Rejoining the realm…

Still unreachable

The connection could not be restored.

Session expired

The server has moved on; the page needs a fresh start.